Unix NetHack Version 3.7.0-58 Work-in-progress - last build May 9 2022 01:57:28 (68cf6e19034123fb635188453c0de67a0aba65fd,branch:master). Game began 2022-05-11 18:44:47, ended 2022-05-11 19:12:42. spontiff, neutral male gnomish Healer ---- --- --------- --- --..| --- ---.---.--.--.---- --.-- ---...| ---.-------------|....|...........--- |...| |...*-- --................|..................| --- -..----- ---.......- |.....-----------...........- ......-- ..| --......---......-- --...-- -----.....--- -......---..| |..----.....|.....-- --...- |.....------..........- --.-| |..------.....--- |..|..| ----.................^...-- ---...| |..| |.......| |.----- ---- --.|......---->............| |.....| ---- --.......-----|.| --..| |..........---.............| |B---.| --............-|.| --...----|........................--- |@| -- |..*......---..|.-- |.......--..............##..<.....| |.| |-........| --....| --.................|....##-......-- .| --........-| --...| --....---........---.---|.....%-- -- |..........| |...- |....| |........- --- -....--- |....--....| --... --..-- ---.......| ......| ---..||....| |...| ---- --......| |...--..| ------.--- --..| ---..*-- --.. ---- --- --- |..#- --- --#- Spontiff the Rhizotomist St:9 Dx:11 Co:13 In:9 Wi:18 Ch:16 Neutral S:340 Dlvl:6 $:1759 HP:0(25) Pw:7(7) AC:-7 Xp:1/0 T:2408 Fainted Deaf Latest messages: x - a scroll labeled VERR YED HORRE. The grid bug misses! You are beginning to feel weak. The giant bat misses! You hear crashing rock. The giant bat misses! The giant bat bites! The giant bat bites! The giant bat misses! The giant bat misses! The giant bat bites! The giant bat misses! Pick an object. You see here a bag. You hear crashing rock. M - a cream pie. What do you want to adjust? [c-hk-osu-zA-EGHJ-MSWZ or ?*] M Adjust letter to what [abijp-rtFIM-RT-VXY] (? see used letters)? a Moving: a - a cream pie. What do you want to wield? [- ekHKW or ?*] a a - a cream pie (wielded). You hear crashing rock. N - an empty bag. What do you want to use or apply? [asDJNS or ?*] Never mind. What do you want to adjust? [ac-hk-osu-zA-EGHJ-LNSWZ or ?*] N Adjust letter to what [bijp-rtFIM-RT-VXY] (? see used letters)? f Swapping: f - an empty bag. O - a puce potion. You hear crashing rock. The giant bat misses! The giant bat misses! The giant bat bites! The giant bat misses! The giant bat misses! The giant bat just misses! The giant bat bites! You faint from lack of food. The giant bat bites! The giant bat bites! The giant bat misses! The giant bat bites! The giant bat bites! The giant bat just misses! The giant bat misses! The giant bat bites! The giant bat bites! You die... Do you want your possessions identified? [ynq] (y) y Do you want to see the dungeon overview? [ynq] (y) y Major events: Turn 1: spontiff the neutral male gnomish Healer entered the dungeon 241: made his first wish - "blessed +2 gray dragon scale mail" 1377: entered the Gnomish Mines 2273: reached Mine Town 2408: killed by a giant bat, while fainted from lack of food Inventory: Coins $ - 1759 gold pieces Weapons e - 42 uncursed +0 arrows W - an uncursed +0 dart k - an uncursed +0 dagger K - an uncursed +0 scalpel (alternate weapon; not wielded) H - an uncursed +0 long sword Armor Z - an uncursed +0 helm of telepathy h - an uncursed +1 orcish helm (being worn) g - an uncursed +1 pair of leather gloves (being worn) v - a blessed +1 pair of kicking boots (being worn) d - a blessed +2 gray dragon scale mail (being worn) Comestibles y - an uncursed apple a - an uncursed cream pie (wielded) n - 2 uncursed food rations z - an uncursed lembas wafer L - 2 uncursed tins of soup made from homunculus meat Scrolls x - a blessed scroll of confuse monster B - a cursed scroll of light Potions G - an uncursed potion of booze l - an uncursed potion of gain energy m - an uncursed potion of gain level c - a blessed potion of healing O - an uncursed potion of monster detection o - an uncursed potion of water Wands D - an uncursed wand of digging (0:4) S - an uncursed wand of sleep (0:6) Tools f - an empty uncursed sack J - an uncursed horn of plenty (0:5) s - an uncursed stethoscope Gems/Stones N - a cursed amber stone w - an uncursed sapphire E - 2 uncursed topaz stones u - 2 uncursed worthless pieces of blue glass A - an uncursed worthless piece of orange glass C - an uncursed worthless piece of yellowish brown glass Spontiff the Healer's attributes: Background: You were a Rhizotomist, a level 1 male gnomish Healer. You were neutral, on a mission for Hermes who was opposed by Athena (lawful) and Poseidon (chaotic). You were in the Gnomish Mines, on level 6. You entered the dungeon 2408 turns ago. You had 0 experience points, 20 were needed to attain level 2. Your score was 340 before end-of-game adjustments. Basics: You had 0 out of 25 hit points. You had all 7 energy points (spell power). Your armor class was -7. Your wallet contained 1759 zorkmids. Autopickup was on for '$!/="?' plus thrown, with exceptions. Final Characteristics: Your strength was 9 (base:10, limit:18/50). Your dexterity was 11 (limit:18). Your constitution was 13 (limit:18). Your intelligence was 9 (limit:19). Your wisdom was 18 (limit:18). Your charisma was 16 (limit:18). Final Status: You were deaf. You were fainted due to starvation. You were unencumbered. You were wielding some food. Final Attributes: You were devoutly aligned. You were magic-protected. You were poison resistant. You had infravision. You are dead. Miscellaneous: You never encountered a bones level. Total elapsed playing time was 27 minutes and 54 seconds. Vanquished creatures: a lich a dwarf an orc zombie 2 coyotes a gas spore 4 hobbits a hobgoblin a brown mold a yellow mold a gnome a gnome zombie 3 geckos 2 jackals a fox 2 kobolds 3 goblins 5 grid bugs 5 lichens 3 kobold zombies 2 newts 41 creatures vanquished. No species were genocided or became extinct. Voluntary challenges: You never hit with a wielded weapon. You were a pacifist. You were illiterate. You never engraved Elbereth. You never genocided any monsters. You never polymorphed an object. You never changed form. You used 1 wish. You did not wish for any artifacts. Achievements: You entered a shop. You entered the Gnomish Mines. You entered Minetown. The Dungeons of Doom: levels 1 to 5 Level 1: Some fountains. Level 2: A fountain. Level 3: A weapon shop, a fountain. Level 4: Stairs down to The Gnomish Mines. Level 5: The Gnomish Mines: levels 5 to 7 Level 5: Level 6: <- You were here. Final resting place for you, killed by a giant bat, while fainted from lack of food. Level 7: Game over: ---------- / \ / REST \ / IN \ / PEACE \ / \ | spontiff | | 1759 Au | | killed by a | | giant bat | | | | | | 2022 | *| * * * | * _________)/\\_//(\/(/\)/\//\/|_)_______ Goodbye spontiff the Healer... You died in The Gnomish Mines on dungeon level 6 with 336 points, and 1759 pieces of gold, after 2408 moves. You were level 1 with a maximum of 25 hit points when you died.